 Dungeon Crawl Stone Soup version 0.23-a0-208-gb6b040f (webtiles) character file.

7618 b5mith the Carver (level 10, -11/101 HPs)
             Began as a Minotaur Berserker on Sept 25, 2018.
             Was a High Priest of Trog.
             Mangled by a death yak (18 damage)
             ... on level 10 of the Dungeon.
             The game lasted 00:18:10 (9183 turns).

b5mith the Carver (Minotaur Berserker)              Turns: 9183, Time: 00:18:11

Health: -11/101    AC:  8    Str: 25    XL:     10   Next: 98%
Magic:  18/18      EV: 10    Int:  4    God:    Trog [*****.]
Gold:   531        SH:  0    Dex: 10    Spells: 9/9 levels left

rFire    . . .     SeeInvis .   M - +4 great sword (freeze) (curse)
rCold    . . .     Gourm    .   (shield currently unavailable)
rNeg     + . .     Faith    .   D - +0 scale mail
rPois    .         Spirit   .   (helmet restricted)
rElec    .         Reflect  .   J - +1 cloak
rCorr    .         Harm     .   (no gloves)
MR       +++..     Clarity  +   (no boots)
Stlth    ..........             Q - amulet of the Four Winds {rN+ MR+++ Clar}
HPRegen  0.26/turn              B - ring of wizardry
MPRegen  0.16/turn              e - ring of magical power

@: berserk cooldown, slowed, very slow
A: retaliatory headbutt, horns 2
a: Berserk, Trog's Hand, Brothers in Arms, Renounce Religion


You were on level 10 of the Dungeon.
You worshipped Trog.
Trog was extremely pleased with you.
You were very hungry.

You visited 1 branch of the dungeon, and saw 10 of its levels.
You also visited: Sewer.

You collected 531 gold pieces.

Inventory:

Hand Weapons
 a - a +0 falchion
 b - a +0 hunting sling
   (You found it on level 1 of the Dungeon)
 F - a +0 long sword
   (You found it on level 5 of the Dungeon)
 L - a +3 fustibalus of flaming
   (Trog gifted it to you on level 9 of the Dungeon)
 M - a cursed +4 great sword of freezing (weapon)
   (You took it off a wight on level 7 of the Dungeon)
Missiles
 h - 9 tomahawks
 i - a throwing net (quivered)
 m - 257 stones
 p - 51 sling bullets
Armour
 g - a +0 animal skin
 D - a +0 scale mail (worn)
   (You took it off an orc on level 5 of the Dungeon)
 J - a +1 cloak (worn)
   (You found it on level 6 of the Dungeon)
Jewellery
 e - a ring of magical power (right hand)
   (You found it on level 4 of the Dungeon)
 j - a +5 amulet of reflection
   (You found it on level 2 of the Dungeon)
 y - the ring "Toenwuox" {Wiz rF+ rN+, unknown}
   (You found it on level 8 of the Dungeon)

   [ring of wizardry]

   It improves your spell success rate.
   It protects you from fire.
   It protects you from negative energy.
 B - a ring of wizardry (left hand)
   (You found it on level 5 of the Dungeon)
 C - an uncursed ring of poison resistance {unknown}
   (You found it on level 5 of the Dungeon)
 E - an uncursed ring of see invisible {unknown}
   (You found it on level 5 of the Dungeon)
 I - an uncursed ring of poison resistance {unknown}
   (You found it on level 6 of the Dungeon)
 Q - the amulet of the Four Winds (around neck) {rN+ MR+++ Clar}
   (You found it on level 8 of the Dungeon)

   [amulet of nothing]

   It protects you from negative energy.
   It affects your resistance to hostile enchantments.
   It protects you against confusion.
 U - the ring "Emoangas" {Dex+4 Slay+2 Stlth+, unknown}
   (You found it on level 9 of the Dungeon)

   [ring of stealth]

   It affects your dexterity (+4).
   It affects your accuracy and damage with ranged weapons and melee attacks
   (+2).
   It makes you more stealthy.
 W - a +2 ring of slaying {unknown}
   (You found it on level 10 of the Dungeon)
Wands
 u - a wand of flame (22)
   (You found it on level 4 of the Dungeon)
 O - a wand of enslavement (13)
   (You found it on level 8 of the Dungeon)
 R - a wand of disintegration (13)
   (You found it on level 8 of the Dungeon)
Scrolls
 d - 11 scrolls of teleportation
 l - 9 scrolls of identify {@r1}
 q - 9 scrolls of remove curse {@r2}
 t - 2 scrolls of blinking {unknown}
 v - a scroll of amnesia {unknown}
 w - 2 scrolls of magic mapping {unknown}
 z - 3 scrolls of enchant weapon {unknown}
 A - 5 scrolls of immolation {unknown}
 G - a scroll of silence {unknown}
 K - a scroll of torment {unknown}
 N - a scroll of random uselessness {unknown}
 P - a scroll of fog {unknown}
 T - a scroll of enchant armour {unknown}
Potions
 f - a potion of heal wounds {unknown}
 k - a potion of berserk rage {unknown}
 n - 3 potions of ambrosia {unknown}
 o - 2 potions of flight {unknown}
 r - a potion of magic {unknown}
 s - 2 potions of curing {unknown}
 x - 3 potions of haste {unknown}
 H - 2 potions of degeneration {unknown}
 S - a potion of mutation {unknown}
 X - a potion of brilliance {unknown}
Comestibles
 c - 18 rations


   Skills:
 + Level 13.3 Fighting
 + Level 13.4 Long Blades
 - Level 2.4 Armour
 - Level 2.1 Dodging
   Level 7.0 Shields


You had 9 spell levels left.
You didn't know any spells.
Your spell library was empty.

Dungeon Overview and Level Annotations

Branches:
Dungeon (10/15)            Temple (0/1) D:7            Lair (0/6) D:10
    Orc: D:9-12

Altars:
Elyvilon
Gozag
Hepliaklqana
Kikubaaqudgha
Nemelex Xobeh
Okawaru
Ru
Trog
Xom
The Shining One


Innate Abilities, Weirdness & Mutations

You reflexively headbutt those who attack you in melee.
You have a pair of horns on your head.


Message History

The death yak is lightly wounded.
The death yak gores you!
* * * LOW HITPOINT WARNING * * *
You slice the death yak!! You freeze the death yak!
Your headbutt misses the death yak.
The death yak is severely wounded.
You slice the death yak!! You freeze the death yak. You headbutt the death yak.
You feel the power of Trog in you as your rage grows.
You kill the death yak!
Trog accepts your kill.
Your Fighting skill increases to level 13!
Your Long Blades skill increases to level 13!
You barely miss the death yak. You headbutt the death yak!
The death yak is lightly wounded.
The death yak closely misses you.
You riposte.
You slash the death yak! You freeze the death yak.
The death yak is moderately wounded.
You hit the death yak. You freeze the death yak.
The death yak is moderately wounded.
The death yak gores you!
* * * LOW HITPOINT WARNING * * *
You slash the death yak! You freeze the death yak.
Your headbutt misses the death yak.
The death yak is moderately wounded.
The death yak barely misses you.
You riposte.
You slash the death yak! You freeze the death yak. You headbutt the death yak!
The death yak is severely wounded.
You slash the death yak! You freeze the death yak.
The death yak is almost dead.
You hit the death yak. You freeze the death yak. You headbutt the death yak.
You kill the death yak!
Trog accepts your kill.
You slash the death yak! You freeze the death yak.
Your headbutt misses the death yak.
The death yak is lightly wounded.
The death yak gores you but does no damage.
You barely miss the death yak. Your headbutt misses the death yak.
The death yak is lightly wounded.
You feel a strong urge to attack something.
You are no longer berserk.
You are exhausted.
You feel yourself slow down. The death yak gores you.
* * * LOW HITPOINT WARNING * * *
Aiming: Enslavement
Press: ? - help, Shift-Dir - straight line, f - death yak
Aim: a death yak (lightly wounded, chance to defeat MR: 1%)
The death yak resists with almost no effort.
The death yak gores you!!
You die...

#.#
#..........##.#.
#.####
#.......#.###.#.
#....#
#........## #.##
####.#
#.......## #.##
#.# #.......#
#... #.#
######### #.##
#.# #.##### ####
#..@YY###...###.
#####YY.†.......
#####...#...
....... .....#$
....... ...#...
.....>. ...Y..Y


You could see 4 death yaks.

Vanquished Creatures
  A two-headed ogre (D:8)
  3 death yaks (D:10)
  A hornet (D:7)
  4 hippogriffs
  2 hungry ghosts (D:9)
  2 ice beasts
  A sky beast (D:5)
  An orc warrior (D:10)
  11 ogres
  A black bear (D:8)
  A phantom (D:7)
  An eye of draining (D:8)
  2 centaurs
  A big kobold (D:10)
  6 bullfrogs
  2 scorpions
  A water moccasin skeleton (D:10)
  3 killer bees (D:10)
  3 wights (D:7)
  A crimson imp (D:8)
  A centaur zombie (D:9)
  7 orc priests
  A centaur skeleton (D:5)
  2 jellies
  3 hounds
  7 orc wizards
  A bullfrog skeleton (D:7)
  4 iguanas
  5 worker ants
  10 gnolls
  10 adders
  2 shadow imps
  8 oozes
  An adder skeleton (D:9)
  An adder zombie (D:4)
  4 worms
  A dart slug (D:2)
  17 leopard geckos
  17 orcs
  14 ball pythons
  16 giant cockroaches
  7 goblins
  7 hobgoblins
  6 jackals (D:2)
  7 kobolds
  2 quokkas
  10 bats
  20 frilled lizards
  A leopard gecko zombie (D:7)
  8 rats
248 creatures vanquished.

Vanquished Creatures (others)
  A ghoul (D:1)
  A draconian (D:1)
  An octopode (D:1)
  2 gargoyles (D:1)
  An elf (D:1)
  2 vampires (D:1)
  An ogre (D:1)
  2 centaurs (D:1)
  An orc (D:1)
  A quokka (D:8)
  5 tentacles (D:1)
18 creatures vanquished.

Grand Total: 266 creatures vanquished

Notes
Turn   | Place    | Note
-------+----------+-------------------------------------------
     0 | D:1      | b5mith the Minotaur Berserker began the quest for the Orb.
     0 | D:1      | Reached XP level 1. HP: 19/19 MP: 0/0
     0 | D:1      | Noticed a ghoul
     0 | D:1      | Noticed an ogre
     0 | D:1      | Noticed a centaur
     0 | D:1      | Noticed a vampire
     0 | D:1      | Noticed a draconian
     0 | D:1      | Noticed a kraken
     0 | D:1      | Noticed a gargoyle
     0 | D:1      | Noticed an octopode
     0 | D:1      | Noticed an elf
     0 | D:1      | Noticed a gargoyle
     0 | D:1      | Noticed a centaur
     0 | D:1      | Noticed a vampire
     4 | D:1      | Killed an ogre
     5 | D:1      | Killed a gargoyle
     5 | D:1      | Killed an octopode
     7 | D:1      | Killed a centaur
     8 | D:1      | Killed a vampire
     9 | D:1      | Killed an elf
     9 | D:1      | Killed a vampire
    10 | D:1      | Killed a draconian
    11 | D:1      | Killed a centaur
    11 | D:1      | Killed a gargoyle
    14 | D:1      | Killed a ghoul
   106 | D:1      | Reached XP level 2. HP: 27/27 MP: 1/1
   929 | D:2      | Reached XP level 3. HP: 34/34 MP: 2/2
   996 | D:2      | Reached XP level 4. HP: 20/41 MP: 3/3
  1018 | D:2      | Reached skill level 5 in Fighting
  1018 | D:2      | Reached skill level 5 in Long Blades
  1389 | D:2      | Reached ** piety under Trog
  1903 | D:2      | Found a faded altar of an unknown god.
  2032 | D:2      | Reached XP level 5. HP: 47/48 MP: 4/4
  2073 | D:2      | Found a sparkling altar of Nemelex Xobeh.
  2568 | D:3      | Found a glowing drain.
  2573 | Sewer    | Entered a sewer
  2627 | Sewer    | Reached *** piety under Trog
  3148 | Sewer    | Reached XP level 6. HP: 44/57 MP: 5/5
  3173 | Sewer    | Reached **** piety under Trog
  3475 | D:4      | Found an ancient bone altar of Kikubaaqudgha.
  3631 | D:4      | Found an iron altar of Okawaru.
  4285 | D:5      | Entered Level 5 of the Dungeon
  4291 | D:5      | Reached XP level 7. HP: 64/66 MP: 6/6
  5414 | D:6      | Reached skill level 1 in Shields
  5576 | D:6      | Reached XP level 8. HP: 55/75 MP: 7/7
  6090 | D:7      | Noticed a hornet
  6094 | D:7      | Paralysed by a hornet for 1 turns
  6097 | D:7      | Paralysed by a hornet for 2 turns
  6100 | D:7      | Killed a hornet
  6100 | D:7      | Reached skill level 5 in Shields
  6528 | D:7      | Found a staircase to the Ecumenical Temple.
  6567 | D:7      | Reached XP level 9. HP: 81/84 MP: 8/8
  6802 | D:7      | Found a shimmering altar of Xom.
  6802 | D:7      | Found a shimmering altar of Xom.
  6802 | D:7      | Found a shimmering altar of Xom.
  6802 | D:7      | Found a shimmering altar of Xom.
  6887 | D:7      | Found a sacrificial altar of Ru.
  6957 | D:7      | Found a shimmering altar of Xom.
  6958 | D:7      | Found a shimmering altar of Xom.
  6960 | D:7      | Noticed a two-headed ogre
  6998 | D:8      | Reached skill level 10 in Fighting
  6998 | D:8      | Reached skill level 10 in Long Blades
  7203 | D:8      | Found a bloodstained altar of Trog.
  7212 | D:8      | Noticed a two-headed ogre
  7217 | D:8      | Killed a two-headed ogre
  7217 | D:8      | Reached ***** piety under Trog
  7235 | D:8      | Got a twitching bone ring
  7522 | D:8      | Reached XP level 10. HP: 96/96 MP: 9/9
  7648 | D:8      | Found the amulet of the Four Winds {rN+ MR+++ Clar}
  7879 | D:8      | Found a white marble altar of Elyvilon.
  7923 | D:9      | Received a gift from Trog
  7990 | D:9      | Found a hazy altar of Hepliaklqana.
  8230 | D:9      | Got a steaming silver ring
  8254 | D:9      | Found an opulent altar of Gozag.
  8452 | D:9      | Found a glowing golden altar of the Shining One.
  8496 | D:10     | Entered Level 10 of the Dungeon
  9156 | D:10     | Found a staircase to the Lair.
  9156 | D:10     | Noticed a death yak
  9157 | D:10     | Noticed a death yak
  9157 | D:10     | Noticed a death yak
  9157 | D:10     | Noticed a death yak
  9160 | D:10     | Noticed a death yak
  9161 | D:10     | Noticed a death yak
  9164 | D:10     | Noticed a death yak
  9168 | D:10     | Killed a death yak
  9171 | D:10     | Killed a death yak
  9176 | D:10     | Killed a death yak
  9183 | D:10     | Mangled by a death yak

Vault maps used:
D:1:      nicolae_arrival_kraken_aquarium_a, patterned_corridor
D:2:      lemuel_coloured_pillars_altar, chequers_ecumenical_altar_twisty
D:3:      gup_sewer_entry_bowl
D:4:      lemuel_doored_altar, okawaru_metal_pillars_3, first_ration,
          serial_bayou_lake_a
D:7:      xom_shifter_show, temple_statues, nicolae_ru_the_path_less_chosen
D:8:      elyvilon_altar_4, old_standard_altar
D:9:      old_standard_altar, kennysheep_mini, nicolae_tso_carved_into_rock
D:10:     dpeg_lair_monsters
Sewer:    sewer_frog_island_02

Skill      XL: |  1  2  3  4  5  6  7  8  9 10 |
---------------+-------------------------------+-----
Fighting       | 4 5 6 7 8 9 11 13 | 13.3
Long Blades    | 4 5 6 7 8 9 11 13 | 13.4
Shields        | 2 6 7 |  7.0
Armour         | |  2.4
Dodging        | |  2.1

Action                   |  1- 3 |  4- 6 |  7- 9 | 10-12 || total
-------------------------+-------+-------+-------+-------++-------
Melee: Falchion          |    56 |   231 |    40 |       ||   327
       Headbutt          |     5 |    28 |    54 |    18 ||   105
       Long sword        |       |       |   113 |       ||   113
       Great sword       |       |       |    45 |    98 ||   143
Invok: Berserk           |       |     2 |     1 |     1 ||     4
Evoke: Wand              |       |       |       |     1 ||     1
  Use: Scroll            |       |     2 |       |       ||     2
 Stab: Sleeping          |       |     1 |       |       ||     1
  Eat: Chunk             |       |    12 |     6 |     5 ||    23
       Ration            |       |     1 |     1 |     1 ||     3
Armor: Animal skin       |     9 |    40 |       |       ||    49
       Scale mail        |       |       |    31 |    23 ||    54
Dodge: Dodged            |    45 |   146 |    58 |    37 ||   286
Block: Other             |       |    48 |    17 |     1 ||    66
       Shield            |       |     3 |   103 |       ||   106
       Reflection        |       |     1 |     3 |       ||     4
       Rpst.: Falchion   |    10 |    39 |     2 |       ||    51
       Long sword        |       |       |     9 |       ||     9
       Great sword       |       |       |     2 |    14 ||    16

Table legend:
 A = Non-vault XP
 B = Vault XP
 C = Vault XP percentage of total XP
 D = Non-vault monster count
 E = Vault monster count
 F = Vault count percentage of total count
                 A         B        C        D         E       F
            +---------+---------+-------+---------+---------+-------
      Total |    7917 |    2966 |  27.3 |     184 |      64 |  25.8
            +---------+---------+-------+---------+---------+-------
        D:1 |      38 |       0 |   0.0 |      24 |       0 |   0.0
        D:2 |     161 |       0 |   0.0 |      29 |       0 |   0.0
        D:3 |      36 |       5 |  12.2 |      13 |       2 |  13.3
        D:4 |     206 |       0 |   0.0 |       9 |       0 |   0.0
        D:5 |     358 |       0 |   0.0 |      12 |       0 |   0.0
        D:6 |     820 |       0 |   0.0 |      13 |       0 |   0.0
        D:7 |    1538 |       0 |   0.0 |      22 |       0 |   0.0
        D:8 |    2773 |       0 |   0.0 |      27 |       0 |   0.0
        D:9 |     654 |       0 |   0.0 |      10 |       0 |   0.0
       D:10 |    1333 |    2695 |  66.9 |      25 |       3 |  10.7
      Sewer |       0 |     266 | 100.0 |       0 |      59 | 100.0
            +---------+---------+-------+---------+---------+-------
